 Dungeon Crawl Stone Soup version 0.27.0-1-g7a089689b8 (webtiles) character file.

Game seed: 17266371950361721093

77 ZombieSheep the Digger (level 4, -4/27 HPs)
             Began as a Gargoyle Earth Elementalist on Aug 5, 2021.
             Slain by a gnoll (7 damage)
             ... on level 2 of the Dungeon.
             The game lasted 00:04:47 (2090 turns).

ZombieSheep the Digger (GrEE)                       Turns: 2090, Time: 00:04:47

Health: -4/27      AC: 11    Str: 10 (11) XL:     4   Next: 33%
Magic:  16/16      EV:  8    Int: 14 (17) God:
Gold:   40         SH:  0    Dex:  8 (10) Spells: 7/8 levels left

rFire    . . .     SeeInvis .   i - +0 whip
rCold    . . .     Faith    .   (no shield)
rNeg     + . .     Spirit   .   j - +0 scale mail
rPois    ∞         Reflect  .   k - +1 helmet
rElec    +         Harm     .   (no cloak)
rCorr    .         Rampage  .   (no gloves)
Will     .....                  (no boots)
Stlth    ..........             (no amulet)
HPRegen  0.09/turn              f - ring of magical power
MPRegen  0.15/turn              (no ring)

@: no status effects
A: sickness immunity, AC +3, negative energy resistance 1, electricity
resistance, torment resistance 1, petrification resistance
a: no special abilities


You were on level 2 of the Dungeon.
You visited 1 branch of the dungeon, and saw 2 of its levels.

You collected 40 gold pieces.

Inventory:

Hand Weapons
 a - a +0 short sword
 d - a +0 club
 i - a +0 whip (weapon)
 l - a +0 flail
Missiles
 c - 41 stones
Armour
 b - a +0 robe
 g - a +0 buckler
 j - a +0 scale mail (worn)
 k - a +1 helmet (worn)
Jewellery
 f - a ring of magical power (left hand)
Scrolls
 m - a scroll of enchant weapon {unknown}


   Skills:
 * Level 2.5 Fighting
 + Level 1.4 Maces & Flails
 - Level 1.5 Dodging
 - Level 2.1 Stealth
 + Level 2.5 Spellcasting
 - Level 0.7 Transmutations
 + Level 4.2 Earth Magic


You had 7 spell levels left.
You knew the following spells:

 Your Spells              Type           Power      Damage    Failure   Level
a - Sandblast             Erth           26%        2d8       28%         1

Your spell library contained the following spells:

 Spells                   Type           Power      Damage    Failure   Level
 Passwall                 Tmut/Erth      6%         N/A       65%         2
 Stone Arrow              Conj/Erth      14%        3d7       91%         3
 Petrify                  Tmut/Erth      8%         N/A       99%         4


Dungeon Overview and Level Annotations

Branches:
Dungeon (2/15)

Altars:


Innate Abilities, Weirdness & Mutations

You are immune to sickness and miasma.
Your stone body is resilient. (AC +3)
You are immune to poison.
You resist negative energy. (rN+)
You are resistant to electric shocks. (rElec)
You are resistant to unholy torment.
You are immune to petrification.


Message History

You are too injured to fight recklessly!
You are too injured to fight recklessly!
It was a potion of curing.
You feel better. The gnoll hits you but does no damage.
You hit the gnoll.
The gnoll is moderately wounded.
The gnoll completely misses you.
You hit the gnoll.
The gnoll is heavily wounded.
There is a stone staircase leading up here.
The gnoll throws a stone.
The stone hits you but does no damage.
You hit the gnoll but do no damage.
The gnoll is heavily wounded.
The gnoll closely misses you.
You barely miss the gnoll.
The gnoll is heavily wounded.
The gnoll hits you with a +0 flail!
Your scale mail prevents you from hitting the gnoll.
The gnoll is heavily wounded.
The gnoll hits you with a +0 flail.
* * * LOW HITPOINT WARNING * * *
It was a potion of degeneration.
There was something very wrong with that liquid.
You feel weakened.
You feel dopey.
You feel clumsy. The gnoll hits you with a +0 flail.
* * * LOW HITPOINT WARNING * * *
Casting: Sandblast (safe; 28% risk of failure)
Confirm with . or Enter, or press ? or * to list all spells.
Okay, then.
You hit the gnoll.
The gnoll is severely wounded.
The gnoll closely misses you.
You closely miss the gnoll.
The gnoll is severely wounded.
The gnoll hits you with a +0 flail.
* * * LOW HITPOINT WARNING * * *
You hit the gnoll but do no damage.
The gnoll is severely wounded.
The gnoll hits you with a +0 flail!
You die...

##......## #### ####...#########
#...
##########....#.........###.##
#.[.....#..######...#.......##
#......<..## #.8...8...8..#
###.......###### #...#...#.....
#.......>......# ##.###.###....
#........#####.####...#...#....#
#........### #.@gg#.8...8...8...
#..........######.....#...#...#.
#....................###.###.##.
#.<......###..#####...#...#...##
#........# ##..####.8...8...8.#.
########## ###..................
#......#####<.).##... ##.######
##........ ########>(# ##....#.#


You could see 2 gnolls.

Vanquished Creatures
  2 gnolls
  2 adders (D:2)
  A worm (D:2)
  A dart slug (D:2)
  3 endoplasms
  2 hobgoblins (D:1)
  6 jackals
  A quokka (D:2)
  A ball python (D:2)
  4 bats
  A frilled lizard (D:1)
  4 goblins (D:1)
  4 kobolds
  4 rats
36 creatures vanquished.

Notes
Turn   | Place    | Note
-------+----------+-------------------------------------------
     0 | D:1      | ZombieSheep the Gargoyle Earth Elementalist began the quest
                  | for the Orb.
     0 | D:1      | Reached XP level 1. HP: 10/10 MP: 3/3
   511 | D:1      | You fall into a shaft and drop 1 floor!
   519 | D:2      | Reached skill level 1 in Fighting
   519 | D:2      | Reached XP level 2. HP: 16/16 MP: 5/5
   778 | D:1      | Reached XP level 3. HP: 12/20 MP: 6/6
  1060 | D:1      | Reached skill level 1 in Maces & Flails
  1060 | D:1      | Reached skill level 4 in Earth Magic
  1824 | D:1      | Reached XP level 4. HP: 26/27 MP: 7/7
  2090 | D:2      | Slain by a gnoll

Illustrated notes

Levels and vault maps discovered:
D:1:      matt_arrival_refuge, layout_basic
D:2:      layout_rooms, shapermc_ecumenical_altar_mp_highgroup, basic_altar,
          minmay_misc_feat_nine_boxes, minmay_misc_feat_four_crosses

Skill      XL: |  1  2  3 |
---------------+----------+-----
Fighting       | 1 2 |  2.5
Maces & Flails | 1 |  1.4
Earth Magic    | 4 |  4.2
Dodging        | |  1.5
Stealth        | |  2.1
Spellcasting   | |  2.5
Transmutations | |  0.7

Action                   |  1- 3 |  4- 6 || total
-------------------------+-------+-------++-------
Melee: Club              |     9 |       ||     9
       Short sword       |     1 |       ||     1
       Whip              |   116 |    35 ||   151
 Cast: Sandblast         |     9 |       ||     9
  Use: Scroll            |     1 |       ||     1
       Potion            |       |     2 ||     2
 Stab: Sleeping          |     2 |       ||     2
Armor: Robe              |     5 |       ||     5
       Scale mail        |    73 |    19 ||    92
Dodge: Dodged            |    70 |    11 ||    81
